 Seeded DCSS version 0.29-a0-297-g7659ce5 (webtiles) character file.

Game seed: 8598121536974683418 (custom seed)

3223 edsrzf the Carver (level 10, -10/70 HPs)
             Began as a Human Abyssal Knight on Mar 20, 2022.
             Was an Elder of Lugonu.
             Killed by divine providence
             ... invoked by an orc priest
              (17 damage)
             ... on level 8 of the Dungeon.
             The game lasted 00:22:43 (8572 turns).

edsrzf the Carver (Human Abyssal Knight)            Turns: 8572, Time: 00:22:44

Health: -10/70     AC: 11    Str: 17    XL:     10   Next: 18%
Magic:  18/18      EV:  7    Int: 11    God:    Lugonu [****..]
Gold:   485        SH:  0    Dex: 14    Spells: 9/9 levels left

rFire   . . .      SeeInvis .   a - +2 falchion
rCold   . . .      Faith    .   (no shield)
rNeg    . . .      Spirit   .   v - +2 chain mail of Distant Worlds {rElec}
rPois   .          Reflect  .   (helmet restricted)
rElec   +          Harm     .   h - +0 cloak
rCorr   .          Rampage  .   (no gloves)
Will    .....                   (no boots)
Stlth   ..........              (no amulet)
HPRegen 0.21/turn               (no ring)
MPRegen 0.16/turn               (no ring)

@: no status effects
A: horns 1, high MP 1, passive freeze
a: Renounce Religion, Depart the Abyss, Bend Space, Banish, Corrupt


You were on level 8 of the Dungeon.
You worshipped Lugonu.
Lugonu was greatly pleased with you.
You visited 1 branch of the dungeon, and saw 7 of its levels.
You visited the Abyss 1 time.
You also visited: Ossuary.

You collected 485 gold pieces.

Inventory:

Hand Weapons
 a - a +2 falchion (weapon)
 m - a +0 long sword
 z - a +0 falchion of holy wrath
Missiles
 c - 2 poisoned darts (quivered)
Armour
 h - a +0 cloak (worn)
 v - the +2 chain mail of Distant Worlds (worn) {rElec}
   (You found it on level 6 of the Dungeon)

   rElec:     It insulates you from electricity.
Jewellery
 y - an amulet of regeneration
Wands
 d - a wand of charming (16)
 f - a wand of flame (9)
 u - a wand of paralysis (7)
 w - a wand of acid (14)
Scrolls
 b - 2 scrolls of fog {unknown}
 j - 3 scrolls of teleportation {unknown}
 k - a scroll of enchant armour {unknown}
 p - a scroll of enchant weapon
 r - 3 scrolls of vulnerability {unknown}
 t - 3 scrolls of immolation
Potions
 e - a potion of ambrosia
 i - a potion of resistance
 l - a potion of heal wounds
 n - a potion of attraction {unknown}
 o - a potion of invisibility {unknown}
 q - a potion of flight
 s - a potion of mutation {!q}
 x - a potion of degeneration {unknown}


   Skills:
 - Level 3.0 Fighting
 + Level 11.4 Long Blades
 - Level 2.0 Armour
 - Level 1.0 Dodging
 + Level 8.8 Invocations


You had 9 spell levels left.
You didn't know any spells.
Your spell library contained the following spells:

 Spells                   Type           Power      Damage    Failure   Level
 Foxfire                  Conj/Fire      0%         2x1d4     99%         1
 Conjure Flame            Conj/Fire      0%         6-21      100%        3
 Inner Flame              Hex/Fire       0%         N/A       100%        3
 Flame Wave               Conj/Fire      0%         2d4       100%        4
 Summon Lightning Spire   Summ/Air       0%         N/A       100%        4
 Storm Form               Tmut/Air       0%         N/A       100%        7
 Maxwell's Capacitive Co  Air            0%         ∞         100%        8


Dungeon Overview and Level Annotations

Branches:
Dungeon (6/15)            Ossuary (visited)
 Temple: D:4-7

Altars:
Dithmenos
Elyvilon
Fedhas
Okawaru
Zin
The Shining One

Annotations:
D:2 1 runed translucent door, Crazy Yiuf


Innate Abilities, Weirdness & Mutations

You have a pair of small horns on your head.
You have an increased reservoir of magic. (+10% MP)
A frigid envelope surrounds you and freezes all who hurt you.


Message History

The orc wizard barely misses you.
You hit the orc wizard.
The orc wizard is moderately wounded.
The orc wizard gestures at you while chanting.
You are confused.
The orc wizard casts a spell.
The orc wizard flickers and vanishes!
Deactivating autopickup; reactivate with Ctrl-A.
You bump into the rock wall.
The orc wizard points at you and mumbles some strange words.
The magic dart hits you but does no damage.
You slash the orc wizard!
The orc wizard is almost dead.
You feel better.
The orc wizard hits you but does no damage.
The orc wizard is very cold.
You kill the orc wizard!
Lugonu accepts your kill.
You closely miss the orc wizard.
The orc wizard gestures at you while chanting.
The puff of flame hits you.
You hit the orc wizard but do no damage.
Your headbutt misses the orc wizard. The orc wizard casts a spell at you.
The magic dart hits you.
You slash the orc wizard!
The orc wizard is almost dead.
The orc wizard gestures at you while chanting.
You are confused.
An orc priest comes into view. It is wielding a +0 flail.
The orc priest shouts!
You miss the orc wizard.
The orc wizard is almost dead.
You bump into the rock wall.
The orc wizard hits you with a +0 dagger.
The orc wizard is very cold.
You kill the orc wizard!
Lugonu accepts your kill.
You can now corrupt the fabric of space.
The orc priest mumbles some strange prayers to Beogh against you.
You struggle to resist.
Unknown command.
You bump into the rock wall.
You're too confused to move!
You hear some strange, mumbled words.
A puff of flame appears from out of thin air!
The puff of flame hits you.
You're too confused to move!
You hear some strange, mumbled words.
Something tries to affect you, but you resist.
The orc priest calls down the wrath of Beogh upon you.
Beogh smites you!
You bump into the rock wall.
You feel less confused.
You hear some strange, mumbled words.
A puff of flame appears from out of thin air!
The puff of flame hits you.
* * * LOW HITPOINT WARNING * * *
You slash something! Lugonu accepts your kill.
Reactivating autopickup.
You feel a bit more experienced.
You hit the orc.
The orc is heavily wounded.
The orc hits you but does no damage.
The orc is very cold.
You kill the orc!
Lugonu accepts your kill.
You barely miss the orc priest. You headbutt the orc priest.
The orc priest is moderately wounded.
The orc priest invokes the aid of Beogh against you.
Beogh smites you!
* * * LOW HITPOINT WARNING * * *
You barely miss the orc priest.
The orc priest is moderately wounded.
You feel much better.
The orc priest hits you with a +0 flail.
The orc priest is very cold.
The orc priest is moderately wounded.
You slash the orc priest!
The orc priest is severely wounded.
The orc priest closely misses you.
You hit the orc priest but do no damage.
The orc priest is severely wounded.
The orc priest calls down the wrath of Beogh upon you.
Pain shoots through your body!
* * * LOW HITPOINT WARNING * * *
You barely miss the orc priest.
The orc priest is severely wounded.
You hit the orc priest.
You headbutt the orc priest, but do no damage.
The orc priest is almost dead.
The orc priest mumbles some strange prayers to Beogh against you.
Pain shoots through your body!
* * * LOW HITPOINT WARNING * * *
You hit the orc priest but do no damage.
Your headbutt misses the orc priest.
The orc priest is almost dead.
The orc priest invokes the aid of Beogh against you.
Beogh smites you!
You die...

. ...# #........##### #.
#..# #.######...... #..#..#
##.############ #..#..#
#..............
####..#..####..###########.
..........†....# #.
##...#.?#####.# #.
#...#..#####.# #.
####...#..o@))..# #.
........).####### #.
####.#.#### #. ... #. #...
#. #... ##. .c.. #.. ##.o.
#.# #... #.#


You could see an orc priest.

Vanquished Creatures
  2 two-headed ogres
  Sigmund (D:5)
  A wyvern (D:8)
  Eustachio (D:4)
  A steam dragon (D:8)
  Menkaure (D:4)
  An orc warrior (D:5)
  2 sky beasts (D:6)
  A black bear (D:6)
  A centaur (D:8)
  A gnoll sergeant (D:8)
  A necrophage (D:8)
  A scorpion (D:6)
  A human zombie (D:4)
  2 hounds (D:5)
  A jelly (D:3)
  An orc priest (D:4)
  A gnoll shaman (D:6)
  2 iguanas
  8 orc wizards
  8 mummies (Ossuary)
  4 adders
  7 gnolls
  A white imp (D:5)
  An ufetubus (D:5)
  A worm zombie (D:4)
  A worm (D:3)
  A dart slug (D:4)
  20 orcs
  4 bats
  5 endoplasms
  2 gnoll zombies (Ossuary)
  8 goblins
  4 hobgoblins
  3 quokkas (D:3)
  7 ball pythons
  4 frilled lizards
  2 hobgoblin zombies (Ossuary)
  10 kobolds
  2 kobold zombies (Ossuary)
  2 orc zombies (Ossuary)
  4 rats
132 creatures vanquished.

Vanquished Creatures (others)
  An orc wizard (D:3)
  6 plants (D:6)
7 creatures vanquished.

Grand Total: 139 creatures vanquished

Notes
Turn   | Place    | Note
-------+----------+-------------------------------------------
     0 | Abyss:1  | edsrzf the Human Abyssal Knight began the quest for the
                  | Orb.
     0 | Abyss:1  | Reached XP level 1. HP: 18/18 MP: 2/2
    27 | D:1      | Escaped the Abyss
   280 | D:1      | Reached XP level 2. HP: 21/24 MP: 3/3
   582 | D:1      | Reached skill level 3 in Long Blades
  1181 | D:2      | Found a shadowy altar of Dithmenos.
  1227 | D:2      | Reached XP level 3. HP: 28/29 MP: 4/4
  1530 | D:2      | Found a runed translucent door.
  1531 | D:2      | Noticed Crazy Yiuf
  1695 | D:2      | Found a faded altar of an unknown god.
  2361 | D:3      | Reached skill level 4 in Long Blades
  2361 | D:3      | Reached XP level 4. HP: 31/35 MP: 5/5
  2633 | D:3      | Identified 2 potions of resistance
  2634 | D:3      | Identified a potion of ambrosia
  2910 | D:3      | Identified a potion of mutation
  2910 | D:3      | Gained mutation: You have a pair of small horns on your
                  | head. [potion of mutation]
  2910 | D:3      | Gained mutation: A frigid envelope surrounds you and
                  | freezes all who hurt you. [potion of mutation]
  2910 | D:3      | Gained mutation: You have an increased reservoir of magic.
                  | (+10% MP) [potion of mutation]
  2911 | D:3      | Identified a potion of lignification
  2914 | D:3      | Reached XP level 5. HP: 8/41 MP: 5/7
  3337 | D:3      | Reached skill level 5 in Long Blades
  3446 | D:3      | Reached *** piety under Lugonu
  3634 | D:4      | Found a sand-covered staircase.
  4125 | D:4      | Reached XP level 6. HP: 18/47 MP: 8/8
  4163 | Ossuary  | Entered an ossuary
  4352 | Ossuary  | Identified a scroll of magic mapping
  4353 | Ossuary  | Identified a scroll of enchant weapon
  4354 | Ossuary  | Identified a scroll of silence
  4363 | Ossuary  | Reached skill level 6 in Long Blades
  5381 | D:4      | Noticed Menkaure
  5394 | D:4      | Identified 7 potions of curing
  5395 | D:4      | HP: 2/47 [Menkaure (16)]
  5395 | D:4      | Killed Menkaure
  5396 | D:4      | Reached skill level 7 in Long Blades
  5396 | D:4      | Reached XP level 7. HP: 3/52 MP: 9/9
  5751 | D:4      | Noticed Eustachio
  5924 | D:4      | Killed Eustachio
  5925 | D:4      | Reached skill level 8 in Long Blades
  6070 | D:5      | Entered Level 5 of the Dungeon
  6146 | D:5      | Noticed Sigmund
  6473 | D:5      | Identified 2 scrolls of noise
  6474 | D:5      | Identified 2 scrolls of identify
  6474 | D:5      | Identified 2 scrolls of immolation
  6475 | D:5      | Identified a scroll of summoning
  6478 | D:5      | Reached **** piety under Lugonu
  6479 | D:5      | Reached XP level 8. HP: 17/58 MP: 10/10
  6494 | D:5      | Killed Sigmund
  6495 | D:5      | Reached skill level 3 in Invocations
  6843 | D:5      | Found a glowing silver altar of Zin.
  6845 | D:5      | Found a white marble altar of Elyvilon.
  6846 | D:5      | Found a glowing golden altar of the Shining One.
  6884 | D:5      | Noticed a two-headed ogre
  6899 | D:5      | Reached skill level 9 in Long Blades
  6899 | D:5      | Reached skill level 4 in Invocations
  7264 | D:6      | Found an iron altar of Okawaru.
  7275 | D:6      | Identified a potion of flight
  7352 | D:6      | Reached skill level 5 in Invocations
  7364 | D:6      | Reached XP level 9. HP: 40/63 MP: 14/14
  7535 | D:6      | Identified 2 potions of heal wounds
  7589 | D:6      | Found a blossoming altar of Fedhas.
  7594 | D:6      | Identified the +2 chain mail of Distant Worlds {rElec}
  7707 | D:6      | Noticed a two-headed ogre
  7719 | D:6      | Killed a two-headed ogre
  7720 | D:6      | Reached skill level 10 in Long Blades
  7720 | D:6      | Reached skill level 7 in Invocations
  7958 | D:6      | You fall into a shaft and drop 2 floors!
  8024 | D:8      | Noticed a two-headed ogre
  8034 | D:8      | Killed a two-headed ogre
  8035 | D:8      | Reached skill level 8 in Invocations
  8106 | D:8      | Reached skill level 11 in Long Blades
  8106 | D:8      | Reached XP level 10. HP: 54/70 MP: 17/17
  8572 | D:8      | Killed from afar by an orc priest

Illustrated notes

Levels and vault maps discovered:
D:1:      dpeg_arrival_ternary, layout_loops_ring
D:2:      layout_basic, basic_altar, shapermc_ecumenical_altar_flowoftime,
          kennysheep_generic_room_9, uniq_crazy_yiuf_cottage
D:3:      layout_loops_corners, kennysheep_generic_room_2
D:4:      layout_rooms, enter_ossuary_3, uniq_eustachio, uniq_menkaure
D:5:      layout_gridville, good_gods_temple_1, hex_tiny,
          chequers_serial_rivers_micro_b, uniq_sigmund
D:6:      layout_basic, mainiacjoe_overflow_cross_hatched,
          fedhas_ov_isle_minmay, minmay_temple_entry_fiery,
          minmay_a_box_with_orc_wizards_in_it
D:8:      layout_loops_ring

Skill      XL: |  1  2  3  4  5  6  7  8  9 |
---------------+----------------------------+-----
Long Blades    | 3 4 5 7 8 9 11 | 11.4
Invocations    | 5 8 |  8.8
Fighting       | |  3.0
Armour         | |  2.0
Dodging        | |  1.0

Action                   |  1- 3 |  4- 6 |  7- 9 | 10-12 || total
-------------------------+-------+-------+-------+-------++-------
Melee: Falchion          |   119 |   166 |   150 |    50 ||   485
       Punch             |     1 |     1 |     1 |       ||     3
       Unarmed           |       |     3 |       |       ||     3
       Headbutt          |       |    26 |    20 |     7 ||    53
Throw: Dart              |       |       |     4 |       ||     4
Invok: Depart the Abyss  |     1 |       |       |       ||     1
       Banish            |       |       |     2 |       ||     2
Evoke: Wand              |       |       |     4 |     1 ||     5
  Use: Potion            |       |     5 |     6 |     2 ||    13
       Scroll            |       |     3 |     5 |       ||     8
 Stab: Paralysed         |       |       |    10 |       ||    10
Armor: Leather armour    |    42 |    36 |    18 |       ||    96
       Skin              |       |     3 |       |       ||     3
       Chain mail        |       |       |     5 |    19 ||    24
Dodge: Dodged            |    59 |    55 |    52 |    12 ||   178

Table legend: (Time is in decaauts)
 A = Elapsed time spent in this place.
 B = Non-inter-level travel time spent in this place.
 C = Inter-level travel time spent in this place.
 D = Time resting spent in this place.
 E = Time spent auto-exploring this place.
 F = Levels seen in this place.
 G = Mean time per level.
                   A        B        C        D        E       F      G
               +--------+--------+--------+--------+--------+-----+--------+
         Total |   8559 |   8382 |    177 |   3128 |   3329 |   9 |  951.0 |
       Dungeon |   7496 |   7319 |    177 |   2393 |   3230 |   7 | 1070.9 |
         Abyss |     27 |     27 |      0 |      0 |      0 |   1 |   27.0 |
       Ossuary |   1035 |   1035 |      0 |    735 |     99 |   1 | 1035.0 |
               +--------+--------+--------+--------+--------+-----+--------+

Top non-repeatable levels by time:
     D:3: 2211 daAuts
     D:6: 1038 daAuts
 Ossuary: 1035 daAuts
     D:1: 1004 daAuts
     D:4: 958 daAuts
     D:2: 877 daAuts
     D:5: 809 daAuts
     D:8: 597 daAuts
 Abyss:1: 27 daAuts
